 Dungeon Crawl Stone Soup version 0.23.2 (webtiles) character file.

Game seed: 1531645069529269048

418 cklessthan3 the Ruffian (level 6, -2/61 HPs)
             Began as a Troll Berserker on Apr 6, 2019.
             Was a Believer of Trog.
             Slain by a gnoll
             ... wielding a +0 whip
              (8 damage)
             ... on level 4 of the Dungeon.
             The game lasted 00:06:33 (1603 turns).

cklessthan3 the Ruffian (Troll Berserker)           Turns: 1603, Time: 00:06:34

Health: -2/61      AC:  7    Str: 28    XL:     6   Next: 61%
Magic:  5/5        EV: 11    Int:  3    God:    Trog [**....]
Gold:   44         SH:  0    Dex:  9    Spells: 5/5 levels left

rFire    + . .     SeeInvis .     - Unarmed
rCold    . . .     Gourm    +   (no shield)
rNeg     + . .     Faith    .   a - +1 animal skin
rPois    .         Spirit   .   (helmet restricted)
rElec    .         Reflect  .   (no cloak)
rCorr    .         Harm     .   (gloves unavailable)
MR       ++...                  (boots unavailable)
Stlth    +.........             (no amulet)
HPRegen  1.60/turn              o - ring of positive energy
MPRegen  0.09/turn              l - ring of protection from fire

@: regenerating
A: large, unfitting armour, claws 3, fast metabolism 3, gourmand, regeneration
1, shaggy fur 1, tough skin 3
a: Berserk, Trog's Hand, Renounce Religion


You were on level 4 of the Dungeon.
You worshipped Trog.
Trog was pleased with you.
You were not hungry.

You visited 1 branch of the dungeon, and saw 4 of its levels.

You collected 44 gold pieces.

Inventory:

Armour
 a - a +1 animal skin (worn)
Jewellery
 l - a ring of protection from fire (right claw)
 o - a ring of positive energy (left claw)
Scrolls
 c - a scroll of fog
 d - a scroll of remove curse
 f - 3 scrolls of teleportation
 h - a scroll of enchant weapon
 p - a scroll of identify {unknown}
Potions
 e - 2 potions of heal wounds {unknown}
 g - a potion of agility {unknown}
 i - 2 potions of resistance {unknown}
 j - a potion of lignification {unknown}
 k - 2 potions of curing {unknown}
 m - a potion of haste
 n - a potion of flight {unknown}
Comestibles
 b - 4 rations


   Skills:
 + Level 3.1 Fighting
 + Level 3.7 Dodging
 + Level 0.2 Stealth
 + Level 6.2 Unarmed Combat


You had 5 spell levels left.
You didn't know any spells.
Your spell library was empty.

Dungeon Overview and Level Annotations

Branches:
Dungeon (4/15)
 Temple: D:4-7

Altars:
Fedhas
Zin


Innate Abilities, Weirdness & Mutations

You are too large for most types of armour.
You have claws for hands.
Your metabolism is lightning-fast.
You like to eat raw meat.
Your natural rate of healing is unusually fast.
You are covered in fur. (AC +1)
You have extremely tough skin. (AC +3)


Message History

You feel somewhat more hungry. The gnoll shaman misses you.
You scratch the gnoll shaman.
The gnoll shaman is heavily wounded.
The gnoll shaman hits you with a +0 whip.
* * * LOW HITPOINT WARNING * * *
You scratch the gnoll shaman. You claw the gnoll shaman.
The gnoll shaman is almost dead.
You feel the effects of Trog's Hand fading.
The gnoll shaman hits you but does no damage.
You scratch the gnoll shaman but do no damage.
The gnoll shaman is almost dead.
The gnoll shaman hits you with a +0 whip!
* * * LOW HITPOINT WARNING * * *
You claw the gnoll shaman!
You kill the gnoll shaman!
Trog accepts your kill.
You claw the gnoll!
The gnoll is severely wounded.
The gnoll hits you with a +0 whip!
You die...

####### #####
.)....######### ##...
............... >..#
###.......### #..#
#...##....### #..#
#...##.##...# #..##
#...##.####.#####...###
######.# #.#.@g......#
#.# #...###.#.#.# #.#
##### #.#.# # #.# #.#g.
#.# #.##.. #.# ... ..#
#..# ### ...


You could see a gnoll.

Vanquished Creatures
  Sigmund (D:3)
  An ogre (D:4)
  A gnoll shaman (D:4)
  Jessica (D:3)
  An adder (D:4)
  3 gnolls (D:4)
  An adder zombie (D:2)
  2 adder skeletons (D:2)
  3 dart slugs
  A leopard gecko (D:4)
  4 orcs (D:3)
  A ball python (D:1)
  3 bat skeletons (D:2)
  2 bat zombies (D:2)
  5 giant cockroaches
  7 goblins
  6 hobgoblins
  10 jackals
  2 quokkas
  4 bats
  3 frilled lizards
  3 giant cockroach zombies (D:2)
  A jackal skeleton (D:2)
  2 kobolds (D:2)
  3 rats (D:3)
71 creatures vanquished.

Notes
Turn   | Place    | Note
-------+----------+-------------------------------------------
     0 | D:1      | cklessthan3 the Troll Berserker began the quest for the
                  | Orb.
     0 | D:1      | Reached XP level 1. HP: 22/22 MP: 0/0
   128 | D:1      | Reached XP level 2. HP: 28/29 MP: 1/1
   622 | D:2      | Found a blossoming altar of Fedhas.
   661 | D:2      | Found a glowing silver altar of Zin.
   693 | D:2      | Reached XP level 3. HP: 36/36 MP: 2/2
   925 | D:2      | Reached ** piety under Trog
  1092 | D:3      | Reached XP level 4. HP: 44/44 MP: 3/3
  1171 | D:3      | Noticed Sigmund
  1183 | D:3      | Killed Sigmund
  1183 | D:3      | Reached skill level 5 in Unarmed Combat
  1183 | D:3      | Reached XP level 5. HP: 39/53 MP: 4/4
  1271 | D:3      | Noticed Jessica
  1280 | D:3      | Killed Jessica
  1485 | D:4      | Reached XP level 6. HP: 61/61 MP: 5/5
  1585 | D:4      | Reached skill level 6 in Unarmed Combat
  1601 | D:4      | HP: 3/61 [gnoll shaman/+0 whip (7)]
  1603 | D:4      | Slain by a gnoll

Skill      XL: |  1  2  3  4  5  6 |
---------------+-------------------+-----
Dodging        | 3 |  3.7
Fighting       | 3 |  3.1
Unarmed Combat | 5 6 |  6.2
Stealth        | |  0.2

Action                   |  1- 3 |  4- 6 || total
-------------------------+-------+-------++-------
Melee: Unarmed           |   125 |    74 ||   199
       Punch             |       |     3 ||     3
Invok: Trog's Hand       |       |     2 ||     2
  Use: Scroll            |     6 |     2 ||     8
  Eat: Chunk             |    11 |       ||    11
       Ration            |       |     1 ||     1
Armor: Animal skin       |    55 |    18 ||    73
Dodge: Dodged            |    53 |    40 ||    93
